 Dungeon Crawl Stone Soup version 0.17.1-3-g152610e (webtiles) character file.

14557 theElss the Thaumaturge (level 11, -4/54 HPs)
             Began as a Deep Elf Conjurer on Mar 31, 2016.
             Was an Elder of Vehumet.
             Slain by an unseen horror (9 damage)
             ... on level 11 of the Dungeon.
             The game lasted 01:12:54 (14831 turns).

theElss the Thaumaturge (Deep Elf Conjurer)        Turns: 14831, Time: 01:12:54

Health: -4/54      AC:  6    Str:  5    XL:     11   Next: 90%
Magic:  29/31      EV: 17    Int: 23    God:    Vehumet [****..]
Gold:   535        SH:  6    Dex: 18    Spells: 7 memorised, 22 levels left

rFire  . . .     SeeInvis .     y - +0 rod of clouds (13/13)
rCold  . . .     Clarity  .     a - +0 robe
rNeg   . . .     SustAt   .     n - +0 buckler
rPois  .         Gourm    .     G - +1 hat
rElec  .         Spirit   .     O - +0 cloak
rCorr  .         Warding  .     g - +0 pair of gloves
rMut   .         Stasis   .     N - +0 pair of boots
MR     +....                    d - amulet of regeneration
Stlth  ++........               Q - +2 ring of dexterity
                                (no ring)

@: somewhat resistant to hostile enchantments, unstealthy
A: no striking features
a: Renounce Religion


You were on level 11 of the Dungeon.
You worshipped Vehumet.
Vehumet was greatly pleased with you.
You were hungry.

You visited 2 branches of the dungeon, and saw 12 of its levels.

You collected 752 gold pieces.
You spent 217 gold pieces at shops.

Inventory:

Armour
 a - a +0 robe (worn)
 g - a +0 pair of gloves (worn)
 n - a +0 buckler (worn)
 G - a +1 hat (worn)
 N - a +0 pair of boots (worn)
 O - a +0 cloak (worn)
Rods
 y - a +0 rod of clouds (13/13) (weapon)
   (You found it on level 3 of the Dungeon)
Jewellery
 d - an amulet of regeneration (around neck)
 z - an uncursed ring of teleportation
 D - an uncursed ring of fire
 Q - a +2 ring of dexterity (right hand)
 U - an uncursed amulet of resist mutation
Wands
 e - a wand of magic darts (25)
 v - a wand of fire (4)
 H - a wand of digging (14)
 J - a wand of frost (31)
 S - a wand of heal wounds (3)
 V - a wand of disintegration (6)
 X - a wand of enslavement (8)
 Y - a wand of slowing (23)
Scrolls
 i - 4 scrolls of remove curse
 j - 2 scrolls of enchant weapon
 k - 2 scrolls of amnesia {unknown}
 l - 5 scrolls of teleportation
 s - 2 scrolls of fear {unknown}
 w - 3 scrolls of fog
 A - 2 scrolls of blinking {unknown}
 F - 5 scrolls of enchant armour
 I - 3 scrolls of noise {unknown}
 K - a scroll of summoning {unknown}
 L - 2 scrolls of recharging {unknown}
 P - a scroll of immolation {unknown}
 Z - a scroll of magic mapping {unknown}
Potions
 m - a potion of resistance
 p - a potion of cure mutation
 r - 4 potions of curing
 x - 5 potions of poison
 B - a potion of heal wounds
 C - a potion of magic
 E - a potion of beneficial mutation
 M - a potion of agility
 R - a potion of haste
 T - a potion of flight {unknown}
 W - a potion of degeneration {unknown}
Books
 b - a book of Conjurations

   Spells                             Type                      Level
   a - Magic Dart                     Conjuration                  1
   b - Searing Ray                    Conjuration                  2
   c - Dazzling Spray                 Conjuration/Hexes            3
   d - Fulminant Prism                Conjuration/Hexes            4
   e - Iskenderun's Mystic Blast      Conjuration                  4
   f - Iskenderun's Battlesphere      Conjuration/Charms           5
Comestibles
 c - 6 bread rations
 f - 30 fruits
 h - 3 beef jerkies
 o - 4 meat rations
 q - a royal jelly
 t - 4 slices of pizza
 u - 2 chunks of flesh


   Skills:
 - Level 7.0 Dodging
 - Level 2.4 Stealth
 - Level 5.3 Shields
 + Level 14.6 Spellcasting
 + Level 12.6 Conjurations
 * Level 6.7 Fire Magic
 - Level 2.0 Air Magic
 - Level 1.4 Poison Magic


You had 22 spell levels left.
You knew the following spells:

 Your Spells              Type           Power        Failure   Level  Hunger
a - Magic Dart            Conj           ####         1%          1    None
b - Iskenderun's Battles  Conj/Chrm      #####...     2%          5    ###....
c - Searing Ray           Conj           ######       1%          2    None
d - Iskenderun's Mystic   Conj           ######..     1%          4    None
e - Sting                 Conj/Pois      ####         1%          1    None
f - Flame Tongue          Conj/Fire      #####        1%          1    None
g - Mephitic Cloud        Conj/Pois/Air  #####...     1%          3    None


Dungeon Overview and Level Annotations

Branches:
Dungeon (11/15)            Temple (1/1) D:6             Orc (0/4) D:10
   Lair: D:8-11

Altars:
Ashenzari
Cheibriados
Dithmenos
Elyvilon
Fedhas
Gozag
Kikubaaqudgha
Makhleb
Nemelex Xobeh
Okawaru
Qazlal
Ru
Sif Muna
Trog
Vehumet
Xom
Yredelemnul
Zin
The Shining One
Beogh

Shops:
D:4 (   D:7 %%?   D:8 =


Message History

You block its attack. Something barely misses you. Something hits you.
* * * LOW HITPOINT WARNING * * *
Something hits you but does no damage. Something barely misses you.
Something closely misses you.
You are feeling hungry.
Something hits you.
* * * LOW HITPOINT WARNING * * *
Something hits you.
* * * LOW HITPOINT WARNING * * *
Something hits you.
* * * LOW HITPOINT WARNING * * *
You see here a flail.
Casting: Magic Dart
Confirm with . or Enter, or press ? or * to list all spells.
Aiming: Searing Ray
Press: ? - help, Shift-Dir - straight line Something hits you!
You die...

#........####'#######......##
#...........................#
#..............#########....##
########.......# ..... #.....#
#.......#...... #<....##
#.#####.#...... #......# #.#
#.'...... #......# ###.# #[#..
#....... #...# #@#.. #.......
#...# #.# #....... #...#
#.#########.)..... #...#
#.................
#..)#####.........######..
#.....).).........# #..
##.................# #..
#.....#####+#......# #..
#.....# #......# #..


There were no monsters in sight!

Vanquished Creatures
  Erolcha (D:11)
  Sonja (D:11)
  5 hill giants
  2 cyclopes (D:11)
  The ghost of DEFINITELYNOTMATTIAS the Ruffian, a novice TrMo (D:5)
  Psyche (D:9)
  Grinder (D:4)
  3 trolls
  A deep elf mage (D:11)
  5 yaks
  3 hippogriffs
  A deep elf fighter (D:11)
  A hungry ghost (D:7)
  A mottled dragon (D:11)
  3 ice beasts (D:10)
  2 black bears
  2 sky beasts
  An eye of draining (D:10)
  2 phantoms (D:6)
  10 orc warriors
  3 ogres
  7 giant frogs
  Blork the orc (D:4)
  3 crocodiles (D:11)
  A wyvern zombie (D:10)
  2 big kobolds (D:9)
  2 scorpions
  A wyvern skeleton (D:11)
  14 wights
  15 killer bees
  3 centaur zombies
  5 crimson imps
  A quasit (D:10)
  A giant frog zombie (D:7)
  9 orc wizards
  4 giant frog skeletons
  5 jellies
  3 orc priests
  A centaur skeleton (D:4)
  4 hounds
  2 iguanas
  Natasha (twice) (D:3)
  7 worker ants
  5 sheep (D:11)
  2 hound zombies
  2 hound skeletons
  11 adders
  4 gnolls (D:10)
  5 river rats (D:11)
  A shadow imp (D:10)
  An ooze (D:3)
  An adder skeleton (D:6)
  5 giant geckos
  100 orcs
  10 bats
  10 giant cockroaches
  17 goblins
  4 hobgoblins
  10 jackals
  5 quokkas
  2 giant gecko skeletons
  A giant gecko zombie (D:5)
  7 giant newts
  A jackal zombie (D:5)
  12 kobolds
  11 rats
370 creatures vanquished.

Vanquished Creatures (others)
  A wizard (D:3)
  6 fungi (D:11)
  5 plants (D:11)
12 creatures vanquished.

Grand Total: 382 creatures vanquished

Notes
Turn   | Place    | Note
--------------------------------------------------------------
     0 | D:1      | theElss the Deep Elf Conjurer began the quest for the Orb.
     0 | D:1      | Reached XP level 1. HP: 10/10 MP: 6/6
   311 | D:1      | Reached XP level 2. HP: 15/15 MP: 6/8
   552 | D:1      | Learned a level 2 spell: Searing Ray
   679 | D:1      | Reached skill level 5 in Conjurations
  1283 | D:2      | Reached XP level 3. HP: 19/19 MP: 6/9
  1392 | D:2      | Found a faded altar to an unknown god.
  2070 | D:3      | Reached XP level 4. HP: 20/24 MP: 5/11
  2122 | D:3      | Learned a level 4 spell: Iskenderun's Mystic Blast
  2167 | D:3      | Noticed Natasha
  2173 | D:3      | Killed Natasha
  2501 | D:3      | Reached skill level 6 in Conjurations
  2503 | D:3      | Reached XP level 5. HP: 28/28 MP: 5/13
  2639 | D:3      | Learned a level 5 spell: Iskenderun's Battlesphere
  3105 | D:3      | Noticed a scorpion
  3112 | D:3      | Killed a scorpion
  3112 | D:3      | Reached skill level 5 in Spellcasting
  3112 | D:3      | Reached XP level 6. HP: 32/32 MP: 8/15
  3228 | D:3      | Noticed Natasha
  3232 | D:3      | Killed Natasha
  3287 | D:3      | Identified a +0 rod of clouds (13/13) (You found it on level 3 of the Dungeon)
  3353 | D:3      | Found a bloodstained altar of Trog.
  3357 | D:3      | Noticed a wizard
  3362 | D:3      | Killed a wizard
  3632 | D:4      | Found Hice's Antique Weapon Boutique.
  3770 | D:4      | Found a shattered altar of Ashenzari.
  3830 | D:4      | Noticed Blork the orc
  3839 | D:4      | Killed Blork the orc
  3839 | D:4      | Reached skill level 7 in Conjurations
  3922 | D:4      | Reached skill level 1 in Shields
  4204 | D:4      | Reached XP level 7. HP: 28/36 MP: 5/18
  4599 | D:4      | Noticed Grinder
  4607 | D:4      | Killed Grinder
  4917 | D:5      | Entered Level 5 of the Dungeon
  4983 | D:5      | Noticed DEFINITELYNOTMATTIAS's ghost (novice TrMo)
  5435 | D:6      | Reached skill level 8 in Conjurations
  5440 | D:6      | Reached XP level 8. HP: 41/41 MP: 8/21
  5624 | D:6      | Found an opulent altar of Gozag.
  5764 | D:6      | Found a staircase to the Ecumenical Temple.
  5906 | D:6      | Found a sparkling altar of Nemelex Xobeh.
  5916 | Temple   | Entered the Ecumenical Temple
  5979 | Temple   | Became a worshipper of Vehumet
  6731 | D:7      | Reached skill level 9 in Spellcasting
  6973 | D:7      | Found Vuit's Food Emporium.
  6981 | D:7      | Found Saimm's Food Boutique.
  6992 | D:7      | Found Muqivuss's Magic Scroll Emporium.
  6998 | D:7      | Reached skill level 5 in Dodging
  7000 | D:7      | Reached XP level 9. HP: 16/45 MP: 18/24
  7069 | D:7      | Bought a scroll of fog for 28 gold pieces
  7069 | D:7      | Bought a scroll of remove curse for 42 gold pieces
  7069 | D:7      | Bought a scroll of random uselessness for 14 gold pieces
  7069 | D:7      | Bought a scroll of identify for 28 gold pieces
  7069 | D:7      | Bought a scroll of enchant armour for 105 gold pieces
  7329 | D:7      | Reached * piety under Vehumet
  7329 | D:7      | Offered knowledge of Sting by Vehumet.
  7332 | D:7      | Learned a level 1 spell: Sting
  7581 | D:7      | Reached skill level 10 in Spellcasting
  8245 | D:5      | Killed DEFINITELYNOTMATTIAS's ghost
  8661 | D:8      | Found Feza's Jewellery Shop.
  8791 | D:8      | Reached skill level 10 in Conjurations
  8856 | D:8      | Reached skill level 11 in Spellcasting
  8950 | D:8      | Found a burning altar of Makhleb.
  8950 | D:8      | Found a glowing silver altar of Zin.
  8951 | D:8      | Found a white marble altar of Elyvilon.
  9141 | D:8      | Found an ancient bone altar of Kikubaaqudgha.
  9827 | D:9      | Offered knowledge of Flame Tongue by Vehumet.
  9830 | D:9      | Learned a level 1 spell: Flame Tongue
  9851 | D:9      | Reached ** piety under Vehumet
  9904 | D:9      | Reached XP level 10. HP: 50/50 MP: 19/27
  9917 | D:9      | Reached skill level 5 in Shields
  9917 | D:9      | Reached skill level 1 in Fire Magic
 10358 | D:9      | Found a roughly hewn altar of Beogh.
 10395 | D:9      | Offered knowledge of Static Discharge by Vehumet.
 10835 | D:9      | Noticed Psyche
 10841 | D:9      | Killed Psyche
 10976 | D:9      | Found a deep blue altar of Sif Muna.
 11101 | D:10     | Entered Level 10 of the Dungeon
 11112 | D:10     | Reached *** piety under Vehumet
 11171 | D:10     | Found a sacrificial altar of Ru.
 11196 | D:10     | Reached skill level 12 in Spellcasting
 11323 | D:10     | Offered knowledge of Mephitic Cloud by Vehumet.
 11471 | D:10     | Learned a level 3 spell: Mephitic Cloud
 11503 | D:10     | Found a staircase to the Orcish Mines.
 11530 | D:11     | Noticed a cyclops
 11905 | D:10     | Reached **** piety under Vehumet
 12165 | D:10     | Noticed a hill giant
 12345 | D:11     | Noticed a hill giant
 12354 | D:11     | Killed a hill giant
 12354 | D:11     | Offered knowledge of Olgreb's Toxic Radiance by Vehumet.
 12354 | D:11     | Reached XP level 11. HP: 54/54 MP: 9/29
 12501 | D:11     | Noticed Erolcha
 12505 | D:11     | Killed Erolcha
 12505 | D:11     | Reached skill level 13 in Spellcasting
 12507 | D:11     | Noticed Sonja
 12513 | D:11     | Killed Sonja
 12513 | D:11     | Reached skill level 5 in Fire Magic
 12669 | D:11     | Noticed a hill giant
 12676 | D:11     | Killed a hill giant
 12706 | D:11     | Noticed a hill giant
 12713 | D:11     | Killed a hill giant
 12713 | D:11     | Reached skill level 1 in Air Magic
 13026 | D:11     | Noticed a cyclops
 13088 | D:11     | Killed a cyclops
 13155 | D:11     | Reached ***** piety under Vehumet
 13155 | D:11     | Offered knowledge of Spellforged Servitor by Vehumet.
 13291 | D:11     | Reached skill level 14 in Spellcasting
 13535 | D:10     | Killed a hill giant
 13535 | D:10     | Reached skill level 1 in Poison Magic
 13736 | D:10     | Noticed a hill giant
 13747 | D:10     | Killed a hill giant
 14657 | D:11     | Killed a cyclops
 14831 | D:11     | Slain by an unseen horror

Action                   |  1- 3 |  4- 6 |  7- 9 | 10-12 || total
-------------------------+-------+-------+-------+-------++-------
Melee: Unarmed           |    11 |     3 |       |       ||    14
       Rod               |       |       |       |     1 ||     1
 Cast: Magic Dart        |    82 |    82 |   217 |   297 ||   678
       Searing Ray       |     2 |    12 |    51 |    18 ||    83
       Iskenderun's Batt |       |       |     2 |    60 ||    62
       Iskenderun's Myst |       |       |       |    22 ||    22
       Mephitic Cloud    |       |       |       |    16 ||    16
       Flame Tongue      |       |       |       |    16 ||    16
  Use: Scroll            |       |       |    11 |     2 ||    13
  Eat: Chunk             |     3 |     7 |    14 |    22 ||    46
       Meat ration       |       |       |     1 |       ||     1
       Fruit             |       |       |     1 |       ||     1
       Beef jerky        |       |       |     1 |       ||     1
